 Dungeon Crawl Stone Soup version 0.21.1-1-g345015fe64 (webtiles) character file.

23 GreedyOne the Shield-Bearer (level 3, -1/29 HPs)
             Began as a Formicid Fighter on June 17, 2018.
             Slain by a centaur (6 damage)
             ... on level 2 of the Dungeon.
             The game lasted 00:02:17 (1614 turns).

GreedyOne the Shield-Bearer (Formicid Fighter)      Turns: 1614, Time: 00:02:21

Health: -1/29      AC:  6    Str: 21    XL:     3   Next: 10%
Magic:  3/3        EV:  7    Int:  7    God:
Gold:   145        SH:  9    Dex: 10    Spells: 2/2 levels left

rFire    . . .     SeeInvis +   a - +0 war axe
rCold    . . .     Gourm    .   c - +0 shield
rNeg     . . .     Faith    .   b - +0 scale mail
rPois    .         Spirit   .   (helmet unavailable)
rElec    .         Reflect  .   (no cloak)
rCorr    .         Harm     .   (no gloves)
MR       .....                  (no boots)
Stlth    ..........             (no amulet)
HPRegen  0.09/turn              (no ring)
MPRegen  0.08/turn              (no ring)

@: no status effects
A: permanent stasis, dig shafts and tunnels, four strong arms, antennae 3
a: Dig, Shaft Self


You were on level 2 of the Dungeon.
You were not hungry.

You visited 1 branch of the dungeon, and saw 2 of its levels.

You collected 145 gold pieces.

Inventory:

Hand Weapons
 a - a +0 war axe (weapon)
Armour
 b - a +0 scale mail (worn)
 c - a +0 shield (worn)
Jewellery
 h - an uncursed ring of magical power {unknown}
 m - a cursed ring of teleportation {unknown}
Scrolls
 e - 2 scrolls of remove curse {unknown}
 j - 2 scrolls of teleportation {unknown}
 l - a scroll of magic mapping {unknown}
Potions
 d - 2 potions of might
 g - a potion of degeneration {unknown}
 i - 2 potions of heal wounds {unknown}
 k - a potion of agility {unknown}
 n - a potion of magic {unknown}
 o - a potion of curing {unknown}
Comestibles
 f - 7 rations


   Skills:
 - Level 3.2 Fighting
 + Level 3.3 Axes
 - Level 3.2 Armour
 - Level 3.6 Shields


You had 2 spell levels left.
You didn't know any spells.

Dungeon Overview and Level Annotations

Branches:
Dungeon (2/15)

Altars:
Ashenzari


Innate Abilities, Weirdness & Mutations

You cannot be hasted, slowed, berserked, paralysed or teleported.
You can dig through walls and to a lower floor.
Your four strong arms can wield two-handed weapons with a shield.
You have a pair of large antennae on your head. (SInv)


Message History

The wyvern zombie bites you.
The wyvern zombie bites you but does no damage.
You barely miss the wyvern zombie.
The wyvern zombie is moderately damaged.
You block the wyvern zombie's attack.
The centaur unwields an uncursed shortbow.
You block the centaur's attack. The wyvern zombie barely misses you.
You slash the centaur!
The centaur is severely wounded.
You hit the wyvern zombie. The centaur hits you.
The wyvern zombie completely misses you.
The centaur hits you.
A bat comes into view.
You hit the centaur.
The centaur is severely wounded.
You hit the wyvern zombie. The wyvern zombie bites you!
* * * LOW HITPOINT WARNING * * *
The centaur hits you but does no damage.
You block the wyvern zombie's attack. The centaur hits you.
You die...

.###### ....... .......
....... ....... #######
......c###### #.....#
......Z@....###.....###
......b####..##.......##
.###### ##.######...##
#.....##.....
#..#..##...## #....%#
#.#_#.##...## #.#.#.
######..#...#...# #....
#####...............#
#...#
.........(##..###...##


You could see a centaur, a wyvern zombie and a bat.

Vanquished Creatures
  2 leopard geckos (D:1)
  3 bats (D:1)
  2 giant cockroaches (D:1)
  2 goblins (D:1)
  3 hobgoblins
  4 kobolds
  A ball python (D:1)
17 creatures vanquished.

Notes
Turn   | Place    | Note
-------+----------+-------------------------------------------
     0 | D:1      | GreedyOne the Formicid Fighter began the quest for the Orb.
     0 | D:1      | Reached XP level 1. HP: 18/18 MP: 1/1
   224 | D:1      | Found a shattered altar of Ashenzari.
   319 | D:1      | Reached XP level 2. HP: 20/24 MP: 2/2
  1211 | D:2      | Noticed a centaur
  1322 | D:2      | Reached XP level 3. HP: 23/29 MP: 3/3
  1403 | D:2      | Found a faded altar of an unknown god.
  1614 | D:2      | Slain by a centaur

Skill      XL: |  1  2 |
---------------+-------+-----
Axes           | 3 |  3.3
Fighting       | |  3.2
Armour         | |  3.2
Shields        | |  3.6

Action                   || total
-------------------------++-------
Melee: War axe           ||    76
  Eat: Ration            ||     1
Armor: Scale mail        ||    38
Dodge: Dodged            ||    24
Block: Shield            ||    42
